 Dungeon Crawl Stone Soup version 0.23.2-40-g277498a (webtiles) character file.

Game seed: 616529498419358511

84 Fang the Skirmisher (level 4, -3/29 HPs)
             Began as a Gargoyle Berserker on Sept 9, 2019.
             Was a Believer of Trog.
             Slain by Grinder (6 damage)
             ... on level 3 of the Dungeon.
             The game lasted 00:02:06 (2061 turns).

Fang the Skirmisher (Gargoyle Berserker)            Turns: 2061, Time: 00:02:06

Health: -3/29      AC:  6    Str: 22    XL:     4   Next: 45%
Magic:  4/4        EV: 12    Int:  7    God:    Trog [**....]
Gold:   83         SH:  0    Dex:  9    Spells: 3/3 levels left

rFire    . . .     SeeInvis .   a - +0 hand axe
rCold    . . .     Gourm    .   (no shield)
rNeg     + . .     Faith    .   b - +1 animal skin
rPois    ∞         Spirit   .   (no helmet)
rElec    +         Reflect  .   (no cloak)
rCorr    .         Harm     .   (no gloves)
MR       +....                  (no boots)
Stlth    ..........             (no amulet)
HPRegen  0.09/turn              s - ring of protection from magic
MPRegen  0.09/turn              d - ring of attention (curse)

@: no status effects
A: negative energy resistance 1, electricity resistance, unbreathing,
petrification resistance, rot immunity, AC +3
a: Berserk, Trog's Hand, Renounce Religion


You were on level 3 of the Dungeon.
You worshipped Trog.
Trog was pleased with you.
You were near starving.

You visited 1 branch of the dungeon, and saw 3 of its levels.

You collected 83 gold pieces.

Inventory:

Hand Weapons
 a - a +0 hand axe (weapon)
Armour
 b - a +1 animal skin (worn)
Jewellery
 d - a cursed ring of attention (right hand)
 s - a ring of protection from magic (left hand)
Scrolls
 e - 3 scrolls of identify
 f - a scroll of teleportation
 n - a scroll of remove curse
 o - a scroll of enchant weapon {unknown}
 r - a scroll of magic mapping {unknown}
Potions
 g - a potion of cancellation
 i - a potion of degeneration {unknown}
 q - a potion of magic {unknown}
Comestibles
 c - 3 rations


   Skills:
 + Level 4.0 Fighting
 + Level 3.3 Axes
 + Level 3.1 Armour
 + Level 2.2 Dodging


You had 3 spell levels left.
You didn't know any spells.
Your spell library was empty.

Dungeon Overview and Level Annotations

Branches:
Dungeon (3/15)

Altars:
Gozag

Annotations:
D:3 Grinder


Innate Abilities, Weirdness & Mutations

You are resistant to torment.
Your stone body is resilient. (AC +3)
You are immune to poison.
You resist negative energy. (rN+)
You are resistant to electric shocks. (rElec)
You can survive without breathing.
You are immune to petrification.
You are immune to rotting.


Message History

You swing at nothing.
You swing at nothing.
You are near starving!
Grinder blinks!
You swing at nothing.
You swing at nothing.
You swing at nothing.
You swing at nothing.
You swing at nothing.
You barely miss Grinder.
Grinder is severely wounded.
Grinder hits you but does no damage.
You closely miss Grinder.
Grinder is severely wounded.
Grinder hits you.
* * * LOW HITPOINT WARNING * * *
You closely miss Grinder.
Grinder is severely wounded.
Grinder hits you.
You die...

####### #..§..#
#.....# ####
+.....+ ..#
#.%...####.#
#........#.#
##......#@#
####......#5#
.............#
#####......########
#..§...........
#...%...######
#5#####..# #. ##.##
#. #..#


You could see Grinder.

Vanquished Creatures
  5 adders
  3 dart slugs
  A leopard gecko (D:2)
  An orc (D:2)
  5 bats
  2 giant cockroaches
  3 goblins
  2 hobgoblins (D:1)
  2 frilled lizards (D:2)
  3 kobolds
  7 rats
34 creatures vanquished.

Notes
Turn   | Place    | Note
-------+----------+-------------------------------------------
     0 | D:1      | Fang the Gargoyle Berserker began the quest for the Orb.
     0 | D:1      | Reached XP level 1. HP: 14/14 MP: 1/1
   199 | D:1      | Reached XP level 2. HP: 19/19 MP: 2/2
   848 | D:2      | Reached XP level 3. HP: 13/23 MP: 3/3
  1375 | D:2      | Reached ** piety under Trog
  1375 | D:2      | Reached XP level 4. HP: 16/29 MP: 4/4
  1928 | D:3      | Reached skill level 4 in Fighting
  1948 | D:3      | Found an opulent altar of Gozag.
  1965 | D:3      | Noticed Grinder
  1982 | D:3      | Paralysed by Grinder for 5 turns
  2061 | D:3      | Slain by Grinder

Skill      XL: |  1  2  3  4 |
---------------+-------------+-----
Axes           | 3 |  3.3
Dodging        | 2 |  2.2
Armour         | 3 |  3.1
Fighting       | 4 |  4.0

Action                   |  1- 3 |  4- 6 || total
-------------------------+-------+-------++-------
Melee: Hand axe          |    95 |    58 ||   153
       Unarmed           |       |     4 ||     4
Invok: Berserk           |     1 |     1 ||     2
  Use: Scroll            |       |     7 ||     7
  Eat: Chunk             |     2 |     2 ||     4
Armor: Animal skin       |    36 |    19 ||    55
Dodge: Dodged            |    88 |    35 ||   123
